General information
- name: BNet
- type: Ladder team game (AT/RT)
- host: Battle.net
- saver: Huge5peakersAna
map: Highperch
- players: 6
- length: 98:59
- speed: Fast
- version: 1.24 W3XP
- replay type: Public
» download(514 KB)
Players
team 1 (loser)
hanfofjustice (
teal | 47 APM | 4650 actions | 98:57)
4 Archmage
2 Blizzard
2 Brilliance Aura
2 Paladin
1 Holy Light
1 Divine Shield
» actions
| Assign group hotkey | 19 | |
| Basic commands | 25 | |
| Build / train | 124 | |
| ESC pressed | 7 | |
| Enter build submenu | 93 | |
| Enter hero's abilities submenu | 6 | |
| Give item / drop item | 2 | |
| Remove unit from queue | 2 | |
| Right click | 2700 | |
| Select / deselect | 1108 | |
| Select group hotkey | 290 | |
| Use ability | 273 | |
4650 total
» units
| Peasant | 21 | |
| Harpy Windwitch | 1 | |
| Dragonhawk Rider | 10 | |
| Sorceress | 3 | |
35 total
» upgrades
| Masonry | 3 | |
| Armor | 2 | |
| Cloud | 1 | |
| Magic Sentry | 1 | |
| Sorceress Training | 2 | |
| Animal War Training | 1 | |
10 total
» buildings
| Altar of Kings | 4 | |
| Farm | 15 | |
| Lumber Mill | 2 | |
| Scout Tower | 103 | |
| Barracks | 3 | |
| Arcane Tower | 8 | |
| Guard Tower | 38 | |
| Arcane Vault | 1 | |
| Keep | 1 | |
| Town Hall | 1 | |
| Castle | 1 | |
| Arcane Sanctum | 1 | |
| Gryphon Aviary | 2 | |
| Blacksmith | 1 | |
| Ancient of Wind | 1 | |
182 total
» build order
00:06 Altar of Kings
00:22 Farm
00:49 Farm
00:54 Lumber Mill
01:17 Scout Tower
01:35 Barracks
01:39 Barracks
01:53 Arcane Tower
03:07 Scout Tower
03:13 Scout Tower
03:15 Scout Tower
03:16 Scout Tower
03:45 Guard Tower
03:47 Scout Tower
03:50 Scout Tower
03:52 Scout Tower
03:53 Scout Tower
03:56 Scout Tower
03:59 Scout Tower
04:00 Scout Tower
04:03 Scout Tower
04:15 Farm
04:18 Scout Tower
04:23 Guard Tower
04:27 Guard Tower
04:49 Guard Tower
04:50 Arcane Tower
04:51 Guard Tower
04:53 Guard Tower
04:58 Scout Tower
05:00 Scout Tower
05:02 Scout Tower
05:03 Scout Tower
05:30 Guard Tower
05:31 Arcane Tower
05:33 Guard Tower
06:01 Guard Tower
06:04 Arcane Vault
06:11 Scout Tower
06:11 Scout Tower
06:13 Scout Tower
06:14 Scout Tower
06:15 Scout Tower
06:16 Scout Tower
06:17 Scout Tower
06:43 Guard Tower
06:53 Guard Tower
06:58 Scout Tower
07:10 Guard Tower
07:17 Keep
07:20 Guard Tower
07:54 Guard Tower
07:57 Scout Tower
07:59 Scout Tower
08:01 Scout Tower
08:02 Scout Tower
08:03 Scout Tower
08:04 Scout Tower
08:05 Scout Tower
08:06 Scout Tower
08:07 Scout Tower
08:08 Scout Tower
08:17 Scout Tower
08:20 Scout Tower
08:33 Guard Tower
09:09 Town Hall
09:20 Guard Tower
09:36 Guard Tower
10:47 Guard Tower
10:50 Scout Tower
10:51 Scout Tower
10:52 Scout Tower
10:53 Scout Tower
11:47 Castle
11:50 Arcane Sanctum
11:54 Gryphon Aviary
11:58 Gryphon Aviary
12:30 Guard Tower
13:15 Guard Tower
13:18 Guard Tower
14:22 Scout Tower
14:23 Scout Tower
15:20 Blacksmith
15:31 Farm
16:09 Scout Tower
16:12 Scout Tower
16:14 Scout Tower
16:16 Scout Tower
16:17 Scout Tower
16:19 Scout Tower
16:20 Scout Tower
16:22 Scout Tower
16:25 Scout Tower
17:00 Scout Tower
17:05 Scout Tower
17:06 Scout Tower
17:07 Scout Tower
17:09 Guard Tower
17:21 Scout Tower
17:23 Scout Tower
17:24 Scout Tower
17:28 Scout Tower
17:28 Scout Tower
17:31 Scout Tower
17:32 Scout Tower
17:34 Scout Tower
17:58 Farm
19:38 Guard Tower
19:44 Scout Tower
19:47 Scout Tower
19:48 Scout Tower
19:49 Scout Tower
19:51 Scout Tower
19:52 Scout Tower
20:20 Farm
20:21 Farm
20:22 Farm
20:22 Farm
20:24 Farm
20:24 Farm
20:26 Barracks
20:35 Guard Tower
20:48 Guard Tower
21:35 Guard Tower
21:53 Scout Tower
21:57 Scout Tower
22:00 Scout Tower
22:01 Scout Tower
22:04 Scout Tower
22:05 Scout Tower
22:46 Guard Tower
28:32 Guard Tower
32:49 Lumber Mill
33:56 Scout Tower
34:09 Scout Tower
34:12 Scout Tower
34:17 Scout Tower
34:25 Guard Tower
34:44 Guard Tower
34:46 Guard Tower
38:47 Scout Tower
38:55 Scout Tower
38:57 Scout Tower
39:40 Altar of Kings
39:46 Farm
39:48 Farm
39:52 Farm
40:15 Scout Tower
40:17 Scout Tower
40:18 Scout Tower
40:20 Scout Tower
40:33 Farm
41:38 Guard Tower
41:44 Scout Tower
41:48 Scout Tower
42:30 Guard Tower
42:39 Guard Tower
42:44 Scout Tower
42:49 Scout Tower
43:40 Altar of Kings
43:46 Guard Tower
46:20 Scout Tower
46:23 Scout Tower
46:41 Scout Tower
46:46 Scout Tower
46:47 Scout Tower
46:48 Arcane Tower
47:23 Arcane Tower
47:51 Arcane Tower
48:00 Scout Tower
48:08 Scout Tower
48:27 Scout Tower
48:42 Guard Tower
48:44 Arcane Tower
48:57 Arcane Tower
85:02 Scout Tower
85:04 Scout Tower
85:23 Scout Tower
85:34 Guard Tower
85:36 Guard Tower
85:51 Guard Tower
96:33 Altar of Kings
98:51 Ancient of Wind
» items
| Scroll of Regeneration | 3 | |
| Lesser Clarity Potion | 3 | |
| Mechanical Critter | 2 | |
| Healing Salve | 2 | |
| Potion of Healing | 3 | |
| Boots of Speed | 2 | |
| Staff of Teleportation | 2 | |
| Scroll of Town Portal | 2 | |
| Orb of Lightning | 1 | |
| Staff of Sanctuary | 1 | |
21 total
IronHandIsIron (
purple | 47 APM | 4539 actions | 95:40)
4 Warden
2 Shadow Strike
2 Blink
» actions
| Assign group hotkey | 20 | |
| Basic commands | 11 | |
| Build / train | 73 | |
| Enter build submenu | 34 | |
| Enter hero's abilities submenu | 4 | |
| Remove unit from queue | 10 | |
| Right click | 1874 | |
| Select / deselect | 397 | |
| Select group hotkey | 1891 | |
| Use ability | 225 | |
4539 total
» units
» upgrades
| Ultravision | 1 | |
| Strength of the Wild | 3 | |
| Well Spring | 1 | |
| Reinforced Hides | 3 | |
| Nature's Blessing | 1 | |
9 total
» buildings
| Altar of Elders | 3 | |
| Moon Well | 12 | |
| Hunter's Hall | 1 | |
| Tree of Ages | 2 | |
| Ancient Protector | 4 | |
| Ancient of Wind | 5 | |
| Tree of Eternity | 1 | |
| Ancient of Wonders | 1 | |
29 total
» build order
00:09 Altar of Elders
00:23 Moon Well
01:22 Hunter's Hall
01:43 Moon Well
02:22 Moon Well
04:00 Tree of Ages
04:09 Ancient Protector
04:14 Ancient Protector
04:50 Ancient Protector
06:22 Ancient of Wind
06:24 Ancient of Wind
07:06 Ancient Protector
08:09 Tree of Eternity
09:30 Moon Well
09:31 Moon Well
11:42 Moon Well
15:20 Ancient of Wonders
16:27 Moon Well
65:27 Altar of Elders
65:36 Altar of Elders
65:40 Moon Well
66:36 Moon Well
83:20 Moon Well
83:22 Tree of Ages
85:51 Moon Well
86:31 Ancient of Wind
88:39 Moon Well
91:26 Ancient of Wind
91:35 Ancient of Wind
» items
| Boots of Speed | 1 | |
| Staff of Teleportation | 1 | |
| Potion of Healing | 1 | |
| Scroll of Speed | 1 | |
| Tiny Great Hall | 1 | |
| Lesser Clarity Potion | 1 | |
| Orb of Lightning | 1 | |
| Healing Salve | 1 | |
8 total
rdmflyingsheep (
yellow | 26 APM | 2497 actions | 95:24)
5 Blademaster
3 Wind Walk
2 Critical Strike
» actions
| Assign group hotkey | 8 | |
| Basic commands | 35 | |
| Build / train | 47 | |
| ESC pressed | 1 | |
| Enter build submenu | 69 | |
| Enter hero's abilities submenu | 5 | |
| Give item / drop item | 1 | |
| Right click | 1308 | |
| Select / deselect | 339 | |
| Select group hotkey | 437 | |
| Use ability | 247 | |
2497 total
» units
» buildings
| Altar of Storms | 2 | |
| Orc Burrow | 3 | |
| War Mill | 5 | |
| Watch Tower | 92 | |
| Voodoo Lounge | 2 | |
| Great Hall | 1 | |
| Stronghold | 1 | |
| Fortress | 1 | |
107 total
» build order
00:07 Altar of Storms
00:20 Orc Burrow
00:51 War Mill
02:05 Watch Tower
02:24 Watch Tower
02:26 Watch Tower
02:29 Watch Tower
03:05 Watch Tower
03:07 Watch Tower
03:11 Watch Tower
03:22 Watch Tower
03:35 Orc Burrow
03:42 Watch Tower
03:45 Watch Tower
04:01 Voodoo Lounge
04:40 Watch Tower
04:41 Watch Tower
04:42 Watch Tower
04:43 Watch Tower
05:15 Watch Tower
05:32 Watch Tower
05:34 Watch Tower
05:38 Watch Tower
05:50 Watch Tower
06:20 Watch Tower
06:25 Watch Tower
06:26 Watch Tower
06:27 Watch Tower
06:29 Watch Tower
06:29 Watch Tower
06:31 Watch Tower
06:32 Watch Tower
06:33 Watch Tower
07:18 Great Hall
07:51 Watch Tower
07:52 Watch Tower
07:53 Watch Tower
07:56 Watch Tower
08:04 Watch Tower
08:08 Watch Tower
08:33 Stronghold
09:10 Watch Tower
09:12 Watch Tower
09:17 Watch Tower
10:22 Watch Tower
10:22 Watch Tower
10:22 Watch Tower
10:22 Watch Tower
10:23 Watch Tower
10:23 Watch Tower
10:23 Watch Tower
10:24 Watch Tower
10:24 Watch Tower
10:25 Watch Tower
10:25 Watch Tower
10:26 Watch Tower
10:26 Watch Tower
10:26 Watch Tower
10:27 Watch Tower
11:07 Fortress
12:28 Watch Tower
12:32 Watch Tower
14:09 Watch Tower
14:09 Watch Tower
14:10 Watch Tower
15:12 Watch Tower
15:15 Watch Tower
15:16 Watch Tower
17:01 Watch Tower
17:02 Watch Tower
17:03 Watch Tower
17:04 Watch Tower
17:06 Watch Tower
17:07 Watch Tower
17:09 Watch Tower
17:12 Watch Tower
17:13 Watch Tower
17:17 Watch Tower
17:21 Watch Tower
17:22 Watch Tower
17:24 Watch Tower
17:36 Voodoo Lounge
19:49 Watch Tower
19:50 Watch Tower
19:51 Watch Tower
20:05 Watch Tower
20:07 Watch Tower
20:08 Watch Tower
20:09 Watch Tower
20:20 Watch Tower
20:23 Watch Tower
20:25 Watch Tower
20:27 Watch Tower
20:29 Watch Tower
21:23 Watch Tower
21:23 Watch Tower
23:29 Altar of Storms
23:39 Orc Burrow
23:48 Watch Tower
23:50 Watch Tower
23:51 Watch Tower
23:56 Watch Tower
24:04 Watch Tower
42:03 War Mill
42:46 War Mill
43:02 War Mill
43:20 War Mill
» items
| Healing Salve | 6 | |
| Lesser Clarity Potion | 8 | |
| Staff of Teleportation | 1 | |
| Orb of Lightning | 1 | |
| Potion of Healing | 2 | |
| Scroll of Town Portal | 1 | |
| Mechanical Critter | 2 | |
21 total
team 2 (winner)
Bw.Zeus (
red | 64 APM | 4860 actions | 76:08)
8 Pit Lord
3 Howl of Terror
3 Rain of Fire
1 Doom
1 Cleaving Attack
» actions
| Assign group hotkey | 200 | |
| Basic commands | 143 | |
| Build / train | 85 | |
| ESC pressed | 5 | |
| Enter build submenu | 31 | |
| Enter hero's abilities submenu | 9 | |
| Give item / drop item | 8 | |
| Remove unit from queue | 4 | |
| Right click | 2851 | |
| Select / deselect | 809 | |
| Select group hotkey | 568 | |
| Use ability | 147 | |
4860 total
» units
| Wisp | 22 | |
| Huntress | 3 | |
| Glaive Thrower | 3 | |
| Chimaera | 18 | |
46 total
» upgrades
| Strength of the Moon | 1 | |
| Ultravision | 1 | |
| Vorpal Blades | 1 | |
| Corrosive Breath | 1 | |
| Strength of the Wild | 3 | |
| Reinforced Hides | 3 | |
| Well Spring | 1 | |
| Moon Armor | 1 | |
| Nature's Blessing | 1 | |
13 total
» buildings
| Altar of Elders | 2 | |
| Moon Well | 10 | |
| Hunter's Hall | 1 | |
| Ancient of War | 3 | |
| Tree of Ages | 4 | |
| Tree of Life | 2 | |
| Tree of Eternity | 3 | |
| Ancient of Wind | 1 | |
| Chimaera Roost | 3 | |
| Ancient of Wonders | 1 | |
30 total
» build order
00:07 Altar of Elders
00:11 Altar of Elders
00:17 Moon Well
02:12 Hunter's Hall
02:27 Ancient of War
02:30 Ancient of War
02:34 Moon Well
02:36 Moon Well
02:38 Moon Well
02:42 Ancient of War
02:44 Moon Well
04:30 Moon Well
06:00 Tree of Ages
06:01 Tree of Ages
06:01 Tree of Ages
06:39 Tree of Life
08:23 Tree of Eternity
08:23 Tree of Eternity
08:23 Tree of Eternity
08:25 Ancient of Wind
10:31 Moon Well
11:17 Chimaera Roost
11:18 Chimaera Roost
12:03 Moon Well
15:26 Chimaera Roost
18:49 Ancient of Wonders
21:27 Tree of Life
31:10 Moon Well
31:11 Moon Well
» items
| Potion of Lesser Invulnerability | 3 | |
| Scroll of Town Portal | 2 | |
| Staff of Teleportation | 1 | |
6 total
Gatcur (
green | 79 APM | 7787 actions | 98:57)
9 Tauren Chieftain
3 War Stomp
3 Endurance Aura
2 Reincarnation
1 Shockwave
» actions
| Assign group hotkey | 631 | |
| Basic commands | 134 | |
| Build / train | 110 | |
| ESC pressed | 17 | |
| Enter build submenu | 24 | |
| Enter hero's abilities submenu | 9 | |
| Give item / drop item | 9 | |
| Right click | 3172 | |
| Select / deselect | 1311 | |
| Select group hotkey | 2132 | |
| Use ability | 238 | |
7787 total
» units
| Peon | 18 | |
| Troll Headhunter/Berserker | 16 | |
| Demolisher | 5 | |
| Troll Batrider | 30 | |
69 total
» upgrades
| Ranged Weapons | 3 | |
| Armor | 2 | |
| Liquid Fire | 1 | |
| Berserker Upgrade | 1 | |
| Burning Oil | 1 | |
8 total
» buildings
| War Mill | 1 | |
| Orc Burrow | 8 | |
| Altar of Storms | 1 | |
| Barracks | 4 | |
| Voodoo Lounge | 1 | |
| Great Hall | 1 | |
| Stronghold | 1 | |
| Fortress | 1 | |
| Beastiary | 2 | |
| Watch Tower | 2 | |
22 total
» build order
00:22 War Mill
00:37 Orc Burrow
00:52 Altar of Storms
01:07 Barracks
02:05 Barracks
02:24 Orc Burrow
02:37 Voodoo Lounge
03:26 Orc Burrow
05:16 Orc Burrow
06:21 Great Hall
08:27 Stronghold
08:33 Orc Burrow
10:51 Fortress
11:45 Barracks
12:47 Beastiary
12:49 Beastiary
14:30 Watch Tower
15:12 Orc Burrow
16:29 Orc Burrow
18:25 Watch Tower
20:26 Barracks
23:56 Orc Burrow
» items
| Healing Salve | 2 | |
| Scroll of Speed | 1 | |
| Boots of Speed | 1 | |
| Potion of Lesser Invulnerability | 3 | |
| Lesser Clarity Potion | 1 | |
| Potion of Healing | 1 | |
| Scroll of Town Portal | 1 | |
| Staff of Teleportation | 1 | |
| Tome of Retraining | 1 | |
12 total
Huge5peakersAna (
orange | 69 APM | 6817 actions | 98:58)
8 Priestess of the Moon
3 Trueshot Aura
1 Searing Arrows
3 Scout
1 Starfall
» actions
| Assign group hotkey | 494 | |
| Basic commands | 84 | |
| Build / train | 76 | |
| ESC pressed | 1 | |
| Enter build submenu | 21 | |
| Enter hero's abilities submenu | 9 | |
| Give item / drop item | 6 | |
| Right click | 4058 | |
| Select / deselect | 678 | |
| Select group hotkey | 1231 | |
| Use ability | 159 | |
6817 total
» units
| Wisp | 17 | |
| Huntress | 7 | |
| Glaive Thrower | 4 | |
| Hippogryph | 14 | |
| Archer | 4 | |
46 total
» upgrades
| Vorpal Blades | 1 | |
| Ultravision | 1 | |
| Strength of the Moon | 2 | |
| Moon Armor | 2 | |
| Strength of the Wild | 2 | |
| Reinforced Hides | 1 | |
| Hippogryph Taming | 1 | |
10 total
» buildings
| Altar of Elders | 1 | |
| Moon Well | 11 | |
| Hunter's Hall | 1 | |
| Ancient of War | 2 | |
| Tree of Ages | 1 | |
| Tree of Eternity | 1 | |
| Ancient of Wind | 2 | |
| Chimaera Roost | 2 | |
21 total
» build order
00:06 Altar of Elders
00:19 Moon Well
01:42 Hunter's Hall
01:47 Ancient of War
02:06 Moon Well
02:28 Ancient of War
04:18 Moon Well
04:33 Moon Well
04:49 Moon Well
05:17 Moon Well
07:04 Tree of Ages
07:06 Moon Well
11:50 Tree of Eternity
11:54 Ancient of Wind
12:56 Ancient of Wind
14:16 Chimaera Roost
14:17 Chimaera Roost
17:06 Moon Well
17:07 Moon Well
17:09 Moon Well
17:10 Moon Well
» items
| Tome of Retraining | 1 | |
| Potion of Lesser Invulnerability | 1 | |
| Potion of Invisibility | 2 | |
| Scroll of Town Portal | 1 | |
| Staff of Teleportation | 1 | |
| Tiny Great Hall | 1 | |
7 total
Chat log
(00:52 / All) Bw.Zeus: lag
(01:00 / All) hanfofjustice: whos host
(01:04 / All) rdmflyingsheep: me
(01:06 / All) rdmflyingsheep: sry
(01:09 / All) Huge5peakersAna: I go panda on u burow and gosu
(01:26 / All) Huge5peakersAna: you mother shit eat next to footewa
(01:31 / All) hanfofjustice: no u
(01:48 / All) Huge5peakersAna: mu3
(05:44 / All) Bw.Zeus: ok
(20:04 / All) Bw.Zeus: god what a fucking waste of time
(25:55 / All) Bw.Zeus: fucking lamers
(25:58 / All) Bw.Zeus: go die
(26:10 / All) Bw.Zeus: 13 year old fucks
(27:09 / All) Bw.Zeus: At least do some units
(27:12 / All) Bw.Zeus: u fuckfaces
(27:44 / All) Bw.Zeus: shitfaces
(28:19 / All) Bw.Zeus: tardos
(29:36 / All) Bw.Zeus: who the fuck let you join bnet
(29:47 / All) Bw.Zeus: you should stay in kindergarden
(29:59 / All) Bw.Zeus: lame pieces of shit
(30:56 / All) Bw.Zeus: you know towers cant destroy bases ye?
(32:21 / All) Bw.Zeus: lamers
(32:52 / All) Bw.Zeus: you feel pro?
(36:05 / Allies) Bw.Zeus: jeez
(38:25 / All) Bw.Zeus: tards tards tards
(46:16 / All) Bw.Zeus: so sad
(58:19 / All) Bw.Zeus: i hope u fucking die in hell